 Dungeon Crawl Stone Soup version 0.30-a0-165-g1891117ce2 (webtiles) character file.

Game seed: 15015970251273559260

102 qw the Chopper (level 4, -9/28 HPs)
             Began as a Gargoyle Fighter on Sept 28, 2022.
             Blown up by Ijyb (10 damage)
             ... with a mindburst bolt
             ... on level 3 of the Dungeon.
             The game lasted 00:00:48 (1903 turns).

qw the Chopper (Gargoyle Fighter)                   Turns: 1903, Time: 00:00:49

Health: -9/28      AC: 10    Str: 21    XL:     4   Next: 77%
Magic:  4/4        EV:  9    Int:  9    God:
Gold:   119        SH:  4    Dex:  9    Spells: 3/3 levels left

rFire   . . .      SeeInvis .    Y - +0 war axe
rCold   . . .      Faith    .    c - +0 buckler
rNeg    + . .      Spirit   .    b - +0 scale mail
rPois   inf        Reflect  .    (no helmet)
rElec   +          Harm     .    (no cloak)
rCorr   .          Rampage  .    (no gloves)
Will    .....                    (no boots)
Stlth   ..........               (no amulet)
HPRegen 0.09/turn                (no ring)
MPRegen 0.09/turn                (no ring)

@: no status effects
A: sickness immunity, AC +3, negative energy resistance 1, electricity
resistance, torment resistance 1, petrification resistance
a: no special abilities


You were on level 3 of the Dungeon.
You visited 1 branch of the dungeon, and saw 3 of its levels.

You collected 119 gold pieces.


Innate Abilities, Weirdness & Mutations

You are immune to sickness and miasma.
Your stone body is resilient. (AC +3)
You are immune to poison.
You resist negative energy. (rN+)
You are resistant to electric shocks. (rElec)
You are resistant to unholy torment.
You are immune to petrification.


   Skills:
 - Level 3.2 Fighting
 + Level 4.3 Axes
 - Level 3.2 Armour
 - Level 3.2 Shields


You had 3 spell levels left.
You didn't know any spells.
Your spell library was empty.

Inventory:

Hand Weapons
 i - a +2 whip of flaming
 Y - a +0 war axe (weapon)
Armour
 b - a +0 scale mail (worn)
 c - a +0 buckler (worn)
 e - a +3 ring mail
Scrolls
 h - 2 scrolls of identify
Potions
 a - a potion of brilliance {unknown}
 d - 2 potions of might
 f - a potion of haste {unknown}
 g - a potion of curing {unknown}

Dungeon Overview and Level Annotations

Branches:
Dungeon (3/15)

Altars:

Shops:
D:1 [

Annotations:
D:3 Ijyb


Message History

Ijyb shouts!
The gnoll shouts!
You hear a shout!
A gnoll comes into view. It is wielding a +0 club.
You closely miss the gnoll.
The kobold throws a stone.
The stone hits you but does no damage. The gnoll hits you but does no damage.
You hit the gnoll.
The gnoll is moderately wounded.
The gnoll completely misses you.
You slash the gnoll!
The gnoll is severely wounded.
The kobold throws a stone.
The stone hits you but does no damage. The gnoll hits you with a +0 whip!
The gnoll closely misses you.
You barely miss the gnoll.
The gnoll is severely wounded.
The gnoll hits you with a +0 whip.
You barely miss the gnoll.
The gnoll is severely wounded.
You closely miss the kobold. You hit Ijyb but do no damage.
You block the kobold's attack. The gnoll hits you with a +0 whip.
You block Ijyb's attack.
You barely miss the gnoll.
The gnoll is severely wounded.
You closely miss the kobold. You hit Ijyb but do no damage.
The kobold hits you with a +0 club. The gnoll hits you but does no damage.
Ijyb zaps a wand.
You barely resist. The kobold hits you but does no damage.
Ijyb hits you with a +0 dagger. The gnoll hits you with a +0 flail.
A frilled lizard comes into view.
The gnoll hits you with a +0 whip.
You barely miss the gnoll.
The gnoll is severely wounded.
You barely miss the gnoll. You hit the kobold.
You kill the kobold!
You hit Ijyb. The gnoll barely misses you. Ijyb hits you with a +0 dagger.
The gnoll barely misses you.
You hit the gnoll but do no damage.
The gnoll is severely wounded.
You closely miss Ijyb. You slash the gnoll! You hit the gnoll.
Ijyb zaps a wand.
Your mind is blasted!
You die...

##. ..... ##.. ......
##..##....l.
#...........
#.......~~~
#......~~# ##.....~#
#8#.)g.~# ##..@g.~#
#...gg.~##
###..)...~~#
#.........~~~~
########.#...........
.............##......
########......#......
##.####........ #..#
......


You could see Ijyb, 3 gnolls and a frilled lizard.

Vanquished Creatures
  Jessica (D:3)
  2 adders
  3 dart slugs
  4 ball pythons
  4 bats
  An endoplasm (D:1)
  2 giant cockroaches (D:1)
  3 hobgoblins
  9 kobolds
  5 quokkas
  3 frilled lizards
  7 goblins
  7 rats
51 creatures vanquished.

Notes
Turn   | Place    | Note
-------+----------+-------------------------------------------
     0 | D:1      | qw the Gargoyle Fighter began the quest for the Orb.
     0 | D:1      | Reached XP level 1. HP: 14/14 MP: 1/1
     0 | D:1      | 0 ||| qw: Version: 0.2-a-12-gaebbb33
     0 | D:1      | 0 ||| qw: Game counter: 785
     0 | D:1      | 0 ||| qw: Always use a shield: true
     0 | D:1      | 0 ||| qw: God list: Okawaru
     0 | D:1      | 0 ||| qw: Allow faded altars: false
     0 | D:1      | 0 ||| qw: Do Orc after D:15 true
     0 | D:1      | 0 ||| qw: Do second Lair branch before Depths: true
     0 | D:1      | 0 ||| qw: Lair rune preference: random
     0 | D:1      | 0 ||| qw: Plans: Normal, Zot:1-4, God:TSO, Crypt, Tomb,
                  | Pan, Slime:5, Hells, Abyss, Orb
     0 | D:1      | 0 ||| PLANNING D:1-11
     2 | D:1      | Noticed a gargoyle
     2 | D:1      | Noticed a naga
     4 | D:1      | Noticed an ogre
     4 | D:1      | Noticed a merfolk
     6 | D:1      | Noticed a demigod
     6 | D:1      | Noticed a demonspawn
     8 | D:1      | Noticed a human
     8 | D:1      | Noticed a palentonga
    10 | D:1      | Noticed a ghoul
    12 | D:1      | Noticed a spriggan
    12 | D:1      | Noticed a troll
    14 | D:1      | Noticed a tengu
    14 | D:1      | Noticed an octopode
    16 | D:1      | Noticed a felid
    18 | D:1      | Noticed a draconian
    20 | D:1      | Noticed a meteoran
    20 | D:1      | Noticed a vampire
    22 | D:1      | Noticed an elf
    22 | D:1      | Noticed a vine stalker
    24 | D:1      | Noticed a minotaur
    24 | D:1      | Noticed a human
    26 | D:1      | Noticed a felid
    26 | D:1      | Noticed a vampire
    33 | D:1      | Found Kiud's Antique Armour Shop.
    50 | D:1      | Reached skill level 2 in Axes
    77 | D:1      | 77 ||| SHOPLISTING chain mail (99 gold, have 0).
    77 | D:1      | 77 ||| SHOPLISTING cloak (99 gold, have 0).
   222 | D:1      | Reached XP level 2. HP: 19/19 MP: 2/2
   457 | D:1      | Reached skill level 3 in Axes
   502 | D:1      | Reached XP level 3. HP: 23/23 MP: 3/3
   832 | D:1      | 832 ||| READING scroll labelled HIRGHI GOYFUE.
   833 | D:1      | 833 ||| READING scroll labelled ZEBLEM RUDUSS.
   910 | D:2      | 910 ||| Stepping ~*~*~tactically~*~*~ (stealth).
   911 | D:2      | 911 ||| Stepping ~*~*~tactically~*~*~ (stealth).
   919 | D:2      | 919 ||| Stepping ~*~*~tactically~*~*~ (stealth).
   929 | D:2      | 929 ||| Stepping ~*~*~tactically~*~*~ (stealth).
   930 | D:2      | 930 ||| Stepping ~*~*~tactically~*~*~ (stealth).
  1181 | D:2      | 1181 ||| FLEEEEING.
  1182 | D:2      | 1182 ||| FLEEEEING.
  1188 | D:2      | 1188 ||| STAIRDANCE
  1218 | D:1      | 1218 ||| READING scroll labelled TEHATHR DAXIMO.
  1219 | D:1      | 1219 ||| READING scroll labelled TOR OTWONEO.
  1265 | D:2      | Reached XP level 4. HP: 28/28 MP: 4/4
  1446 | D:2      | 1446 ||| DROPPING +0 club.
  1613 | D:3      | Noticed Jessica
  1618 | D:3      | Killed Jessica
  1619 | D:3      | Reached skill level 4 in Axes
  1894 | D:3      | Noticed Ijyb
  1901 | D:3      | HP: 7/28 [gnoll/+0 flail (5)]
  1901 | D:3      | HP: 3/28 [gnoll/+0 whip (4)]
  1902 | D:3      | HP: 1/28 [Ijyb/+0 dagger (2)]
  1903 | D:3      | Blown up by Ijyb

Levels and vault maps discovered:
D:1:      kb_arrival_jail, layout_basic, serial_shops,
          nicolae_shop_overgrown_old_shop, minmay_liquid_box,
          dreamdust_princess_corridor
D:2:      layout_basic, serial_rivers, chequers_serial_rivers_small_a,
          chequers_serial_rivers_small_b, chequers_serial_rivers_small_a,
          chequers_serial_rivers_large_a, chequers_serial_rivers_small_3
D:3:      layout_basic, minmay_tree_intersection, kennysheep_big_empty_room,
          kennysheep_decorative_pillar, uniq_ijyb, uniq_jessica

Skill      XL: |  1  2  3  4 |
---------------+-------------+-----
Axes           | 2 3 4 |  4.3
Fighting       | |  3.2
Armour         | |  3.2
Shields        | |  3.2

Action                   |  1- 3 |  4- 6 || total
-------------------------+-------+-------++-------
Melee: War axe           |   110 |    22 ||   132
  Use: Scroll            |     4 |       ||     4
Armor: Scale mail        |    61 |    15 ||    76
Dodge: Dodged            |    46 |     6 ||    52
Block: Buckler           |     7 |     3 ||    10

Table legend:
 A = Non-vault XP
 B = Vault XP
 C = Vault XP percentage of total XP
 D = Non-vault monster count
 E = Vault monster count
 F = Vault count percentage of total count
                 A         B        C        D         E       F
            +---------+---------+-------+---------+---------+-------
      Total |     109 |      37 |  25.3 |      50 |       1 |   2.0
            +---------+---------+-------+---------+---------+-------
        D:1 |      47 |       0 |   0.0 |      25 |       0 |   0.0
        D:2 |      38 |       0 |   0.0 |      19 |       0 |   0.0
        D:3 |      24 |      37 |  60.7 |       6 |       1 |  14.3
            +---------+---------+-------+---------+---------+-------
